Map: [ESL] Inside and Out

Players

Creator - Winner!

  • Race: Protoss Protoss
  • Spawn Location: 1:00

Krystianer

  • Race: Protoss Protoss
  • Spawn Location: 7:00

Event: DreamHack SC2 Masters 2022 Valencia

VOD

Have the link to the VOD?

Description

Time

  • Played on: July 1, 2022, 1:13 p.m.
  • Length: 13:14

All games in this series

Show
View Real Time Build Order
Export as new Build Order

Creator Protoss - Winner!

Build Orders: Oracle Opening 

Get SALT Encoding   

  12  0:00  Probe  
  13  0:12  Probe  
  14  0:19  Pylon  
  14  0:24  Probe  
  15  0:37  Probe (Chrono Boost)  
  15  0:40  Gateway  
  16  0:49  Probe (Chrono Boost), Assimilator  
  17  0:54  Probe (Chrono Boost)  
  18  1:02  Assimilator  
  18  1:03  Probe (Chrono Boost)  
  19  1:15  Pylon, Probe (Chrono Boost)  
  20  1:24  Probe (Chrono Boost)  
  21  1:30  Cybernetics Core  
  21  1:31  Zealot  
  23  1:32  Probe  
  24  1:45  Probe  
  25  1:57  Probe  
  26  2:09  Nexus  
  26  2:11  Adept (Chrono Boost)  
  28  2:22  Stargate  
  27  2:28  Warp Gate, Probe  
  28  2:35  Pylon  
  28  2:43  Stalker  
  30  2:50  Probe  
  31  2:57  Shield Battery  
  31  3:05  Oracle (Chrono Boost)  
  32  3:07  Probe  
  32  3:12  Shield Battery  
  33  3:18  Shield Battery  
  33  3:25  Probe  
  34  3:27  Stalker  
  34  3:34  Oracle (Chrono Boost)  
  36  3:41  Probe x2  
  39  3:50  Gateway  
  39  3:53  Probe x2  
  41  4:03  Phoenix (Chrono Boost)  
  41  4:09  Probe x2  
  45  4:17  Stalker  
  45  4:23  Phoenix (Chrono Boost)  
  49  4:31  Twilight Council  
  48  4:33  Probe  
  48  4:34  Probe  
  49  4:52  Probe (Chrono Boost)  
  49  4:55  Probe (Chrono Boost)  
  49  4:58  Stalker x2  
  50  5:01  Pylon  
  50  5:02  Pylon  
  50  5:05  Probe (Chrono Boost)  
  52  5:09  Probe (Chrono Boost)  
  52  5:10  Probe (Chrono Boost)  
  53  5:16  Probe  
  53  5:19  Probe  
  53  5:28  Gateway, Assimilator  
  53  5:29  Probe, Gateway  
  53  5:31  Probe  
  53  5:32  Stalker  
  57  5:37  Stalker  
  60  5:43  Pylon  
  60  5:47  Robotics Facility  
  59  5:52  Blink (Chrono Boost)  
  59  6:00  Zealot x2  
  59  6:03  Nexus  
  63  6:10  Probe x2  
  65  6:12  Pylon  
  65  6:19  Pylon  
  65  6:30  Probe x2  
  65  6:31  Sentry  
  65  6:32  Stalker  
  71  6:36  Observer (Chrono Boost)  
  71  6:37  Stalker  
  74  6:42  Probe, Forge, Shield Battery  
  74  6:43  Probe  
  76  6:48  Stalker  
  77  6:55  Probe x2  
  77  6:56  Zealot  
  77  7:00  Zealot  
  77  7:02  Immortal  
  77  7:07  Shield Battery  
  79  7:14  Probe  
  79  7:15  Probe x2  
  82  7:16  Stalker x2  
  86  7:24  Protoss Ground Weapons Level 1 (Chrono Boost)  
  86  7:27  Pylon, Probe (Chrono Boost)  
  89  7:31  Probe x2 (Chrono Boost)  
  89  7:35  Gateway  
  89  7:36  Stalker  
  92  7:38  Probe (Chrono Boost)  
  92  7:40  Gateway  
  92  7:41  Probe x2 (Chrono Boost)  
  92  7:42  Probe (Chrono Boost)  
  92  7:43  Charge (Chrono Boost)  
  94  7:44  Assimilator x2  
  94  7:48  Adept x2  
  94  7:51  Stalker  
  101  7:56  Warp Prism  
  103  8:02  Stalker  
  105  8:07  Gateway  
  105  8:09  Stalker x2  
  109  8:21  Probe x2  
  109  8:26  Pylon, Probe  
  104  8:27  Pylon  
  104  8:29  Pylon  
  104  8:33  Immortal  
  102  8:44  Zealot x5  
  102  8:46  Zealot  
  110  8:50  Templar Archives  
  110  8:52  Gateway  
  110  9:04  Sentry, Protoss Ground Weapons Level 2 (Chrono Boost)  
  110  9:05  Zealot  
  110  9:09  Nexus  
  112  9:11  Stalker x3  
  112  9:15  Stalker x2  
  122  9:24  Warp Prism (Chrono Boost)  
  124  9:31  High Templar x2  
  124  9:36  Archon  
  124  9:37  Zealot x2  
  132  9:41  Pylon  
  132  9:43  Pylon  
  132  9:49  Pylon  
  132  9:50  Pylon x2  
  132  10:00  Stalker x2, Pylon, High Templar x2  
  132  10:02  Zealot x2  
  132  10:05  Archon  
  144  10:09  Zealot  
  144  10:10  Zealot  
  144  10:14  Probe x3, Immortal  
  155  10:22  Shield Battery  
  155  10:29  High Templar x2, Zealot x2  
  155  10:33  Archon  
  155  10:35  Zealot x3  
  165  10:38  Zealot  
  171  10:51  High Templar x2  
  171  10:56  Archon  
  171  10:57  Zealot x3  
  175  11:05  Stalker, Zealot x2  
  177  11:17  Zealot x3  
  183  11:24  High Templar x2  
  187  11:29  Archon  
  187  11:30  Zealot x3  
  192  11:33  Photon Cannon  
  192  11:37  High Templar x2  
  192  11:39  Photon Cannon  
  196  11:42  Shield Battery  
  196  11:43  Shield Battery  
  196  11:46  Archon  
  181  11:50  Stalker x2  
  175  11:54  Zealot x2  
  175  11:57  Stalker  
  176  12:09  Photon Cannon  
  176  12:11  Photon Cannon, Shield Battery  
  176  12:13  Pylon  
  169  12:18  Probe  
  169  12:22  Pylon  
  170  12:31  Shield Battery  
  170  12:33  Pylon  
  170  12:36  Gateway  
  170  12:37  Gateway  
  169  12:47  Pylon  
  169  13:03  Cybernetics Core  
Show
View Real Time Build Order
Export as new Build Order

Krystianer Protoss 

Build Orders: Oracle Opening 

Get SALT Encoding   

  12  0:00  Probe  
  13  0:12  Probe  
  14  0:18  Pylon  
  14  0:24  Probe (Chrono Boost)  
  15  0:37  Probe (Chrono Boost)  
  15  0:39  Gateway  
  16  0:45  Probe (Chrono Boost)  
  16  0:47  Assimilator  
  17  0:51  Probe  
  18  0:58  Assimilator  
  18  1:03  Probe (Chrono Boost)  
  19  1:06  Pylon  
  19  1:15  Probe (Chrono Boost)  
  20  1:20  Probe (Chrono Boost)  
  21  1:26  Cybernetics Core  
  21  1:29  Probe  
  21  1:31  Zealot  
  24  1:41  Probe  
  25  1:53  Probe  
  26  2:06  Nexus  
  25  2:12  Stalker (Chrono Boost)  
  27  2:24  Stargate  
  27  2:34  Stalker  
  27  2:35  Probe  
  30  2:42  Pylon  
  30  2:50  Probe  
  31  2:57  Shield Battery  
  31  3:02  Probe  
  31  3:04  Warp Gate  
  35  3:14  Probe  
  35  3:19  Probe  
  36  3:26  Probe  
  37  3:28  Oracle (Chrono Boost)  
  37  3:31  Probe  
  39  3:38  Probe  
  40  3:43  Probe  
  37  3:49  Shield Battery  
  37  3:50  Stalker, Probe  
  37  3:55  Probe, Gateway  
  41  4:02  Probe  
  42  4:03  Phoenix  
  42  4:07  Probe  
  45  4:10  Pylon  
  45  4:14  Twilight Council, Probe  
  46  4:19  Probe  
  47  4:26  Probe  
  48  4:31  Probe, Phoenix  
  48  4:36  Pylon  
  50  4:39  Probe (Chrono Boost)  
  50  4:44  Probe (Chrono Boost)  
  41  4:51  Probe (Chrono Boost)  
  38  4:53  Probe (Chrono Boost)  
  38  4:56  Probe (Chrono Boost)  
  38  4:57  Stalker x2  
  43  5:03  Probe  
  43  5:05  Dark Shrine, Probe  
  45  5:15  Probe  
  45  5:17  Probe  
  47  5:26  Assimilator  
  47  5:27  Probe  
  48  5:29  Probe  
  48  5:32  Gateway  
  49  5:39  Pylon  
  49  5:40  Stalker  
  49  5:42  Stalker, Probe (Chrono Boost)  
  52  5:43  Probe (Chrono Boost)  
  52  5:54  Probe (Chrono Boost)  
  54  5:59  Probe (Chrono Boost)  
  54  6:01  Probe (Chrono Boost)  
  54  6:03  Nexus  
  55  6:05  Probe  
  55  6:09  Blink (Chrono Boost)  
  55  6:10  Stalker  
  58  6:11  Probe  
  58  6:16  Stalker  
  61  6:21  Pylon, Probe  
  62  6:32  Pylon  
  62  6:33  Probe (Chrono Boost)  
  62  6:36  Stalker  
  62  6:37  Probe (Chrono Boost)  
  65  6:40  Stalker  
  65  6:44  Probe (Chrono Boost)  
  65  6:46  Probe (Chrono Boost)  
  69  6:49  Probe (Chrono Boost)  
  69  6:52  Probe  
  71  6:59  Probe  
  70  7:04  Probe (Chrono Boost)  
  67  7:09  Stalker x2  
  67  7:10  Shield Battery  
  69  7:16  Probe (Chrono Boost)  
  69  7:17  Probe x2 (Chrono Boost)  
  69  7:18  Robotics Facility  
  69  7:19  Forge  
  70  7:24  Probe (Chrono Boost)  
  70  7:25  Probe (Chrono Boost)  
  70  7:27  Probe (Chrono Boost)  
  73  7:30  Probe  
  73  7:32  Stalker x2, Probe  
  79  7:37  Gateway  
  79  7:39  Probe, Gateway  
  79  7:42  Probe  
  79  7:43  Protoss Ground Weapons Level 1  
  81  7:47  Templar Archives  
  81  7:50  Gateway  
  82  7:52  Gateway  
  82  7:57  Probe  
  82  7:58  Probe  
  82  8:02  Pylon  
  82  8:04  Assimilator  
  83  8:08  Gateway  
  83  8:09  Gateway  
  83  8:11  Adept x2  
  86  8:19  Probe  
  87  8:20  Probe  
  87  8:21  Probe  
  87  8:32  Stalker x2, Probe (Chrono Boost)  
  91  8:34  Probe (Chrono Boost)  
  91  8:40  Stalker x2  
  93  8:44  Probe (Chrono Boost)  
  93  8:48  Probe (Chrono Boost)  
  92  8:50  Observer  
  92  8:53  Stalker  
  92  8:54  Stalker  
  97  8:56  Nexus  
  97  8:57  Pylon  
  97  8:59  Probe  
  97  9:00  Probe  
  99  9:04  Charge (Chrono Boost)  
  99  9:08  Zealot x5  
  109  9:14  Stalker  
  107  9:17  Pylon  
  107  9:18  Pylon  
  107  9:22  Probe  
  107  9:32  Observer (Chrono Boost)  
  107  9:34  Photon Cannon, High Templar x2  
  107  9:37  Pylon, Shield Battery  
  107  9:38  Archon, Zealot x3  
  118  9:41  Zealot  
  118  9:42  Zealot  
  122  9:46  Probe  
  122  9:47  Warp Prism  
  123  10:01  Assimilator  
  123  10:02  High Templar x2, Assimilator  
  123  10:06  Shield Battery, Zealot x2  
  131  10:08  Archon  
  131  10:11  Nexus  
  131  10:12  Pylon  
  131  10:14  Zealot  
  133  10:25  Pylon  
  133  10:26  Pylon  
  133  10:31  Zealot x4  
  133  10:35  Pylon  
  137  10:52  High Templar x4  
  137  10:53  Zealot  
  137  10:54  Zealot x3  
  153  10:58  Archon x2  
  153  10:59  Pylon  
  150  11:09  Probe  
  150  11:11  Probe  
  148  11:12  Probe  
  148  11:14  Zealot  
  148  11:15  Zealot x3  
  155  11:25  Zealot x4  
  159  11:26  Probe  
  159  11:29  Probe  
  161  11:37  Probe  
  158  11:44  Stalker x4  
  155  11:47  Zealot x2  
  155  11:53  Zealot x2  
  93  12:10  High Templar x4  
  93  12:11  High Templar  
  81  12:26  Archon  
  81  12:27  Archon  
  79  12:31  Nexus  
  73  12:55  Pylon  
  73  12:58  Pylon  

Tags
 
Add a new tag
Caveats
  • Supply blocks, unpowered buildings, or Contaminate may cause inaccurate times.
  • Supply counts are checked every 10 seconds.